[Event "Titled Tuesday Blitz December 27 Early 2022"]
[White "Osinovsky, Stepan"]
[Black "Sargsyan, Anna M."]
[WhiteFideId "4157354"]
[BlackFideId "13308130"]
[WhiteElo "2241"]
[BlackElo "2375"]
[Result "1-0"]
[Round "08"]
[TimeControl "180+2"]
[Date "2022.12.27"]
[WhiteClock "0:00:14"]
[BlackClock "0:00:24"]

1. Nf3 d5 2. g3 Nf6 3. Bg2 g6 4. O-O Bg7 5. d3 O-O 6. Nbd2 c5 7. e4 Nc6 8. Re1 e5 9. exd5 Nxd5 10. Nc4 Re8 11. Ng5 b6 12. Nxf7 Kxf7 13. Qf3+ Ke6 14. Bh3+ Ke7 15. Bg5+ Bf6 16. Nxe5 Nd4 17. Bxf6+ Kf8 18. Be7+ Kg7 19. Qf7+ Kh6 20. Bxd8 Bxh3 21. Qxd5 Raxd8 22. Nf7+ Kg7 23. Nxd8 1-0


[Site "https://www.chess.com"]

[Event "Titled Tuesday Blitz December 27 Early 2022"]
[White "Ovchinnikov, Vsevolod"]
[Black "Sreyas Payyappat"]
[WhiteFideId "24176842"]
[BlackFideId "46674969"]
[WhiteElo "2426"]
[BlackElo "2076"]
[Result "1-0"]
[Round "08"]
[TimeControl "180+2"]
[Date "2022.12.27"]
[WhiteClock "0:00:46"]
[BlackClock "0:00:10"]

1. d4 Nf6 2. c4 c5 3. d5 e6 4. Nc3 exd5 5. cxd5 d6 6. Nf3 g6 7. Nd2 Bg7 8. e4 O-O 9. Be2 Nbd7 10. O-O Re8 11. a4 Nb8 12. Re1 Na6 13. Bb5 Bd7 14. Bxa6 bxa6 15. Nc4 Bc8 16. Bf4 Bf8 17. h3 Rb8 18. b3 Nh5 19. Bh2 f6 20. g4 Ng7 21. Re3 h5 22. Kg2 hxg4 23. hxg4 f5 24. gxf5 gxf5 25. e5 Qg5+ 26. Rg3 Qh4 27. e6 Be7 28. Rb1 Rf8 29. Qf3 f4 30. Rg4 Qh5 31. Rxg7+ 1-0


[Site "https://www.chess.com"]

[Event "Titled Tuesday Blitz December 27 Early 2022"]
[White "Ozen, Bahadir"]
[Black "Tactrics"]
[WhiteFideId "6337058"]
[WhiteElo "2369"]
[BlackElo "2976"]
[Result "0-1"]
[Round "08"]
[TimeControl "180+2"]
[Date "2022.12.27"]
[WhiteClock "0:00:03"]
[BlackClock "0:00:14"]

1. g3 d5 2. Nf3 c6 3. Bg2 Bg4 4. h3 Bh5 5. O-O Nd7 6. d3 e6 7. e4 Ngf6 8. Qe1 Bc5 9. b4 Be7 10. Bb2 a5 11. a3 axb4 12. axb4 Rxa1 13. Bxa1 Qb6 14. e5 Ng8 15. Bc3 Bd8 16. Bd4 Qc7 17. Nc3 Bxf3 18. Bxf3 Ne7 19. Bg2 Nf5 20. Ne2 Nxd4 21. Nxd4 Qxe5 22. Qxe5 Nxe5 23. Re1 Bf6 24. Nb3 O-O 25. Na5 b6 26. Nb3 Ra8 27. Rc1 Ra3 28. Nd2 Kf8 29. b5 c5 30. Bf1 Ra2 31. f4 Ng6 32. Nf3 Bc3 33. h4 Ne7 34. h5 Nf5 35. Kf2 Nd6 36. g4 Ke7 37. Kg3 Ra1 38. Rxa1 Bxa1 39. c4 Bc3 40. Kf2 f6 41. Be2 Bb2 42. Kg3 Bc1 43. Bf1 dxc4 44. dxc4 Ne4+ 45. Kg2 Bxf4 46. Bd3 Nd6 47. Kf2 f5 48. gxf5 exf5 49. Ke2 Kf6 50. Ne1 g6 51. hxg6 hxg6 52. Ng2 Bg5 53. Kf3 Ke5 54. Ke2 Kd4 55. Ne1 Nxc4 56. Nf3+ Kc3 57. Nxg5 Ne5 58. Bb1 Kb2 59. Bd3 Nxd3 60. Kxd3 Kb3 61. Ne6 c4+ 62. Kd2 Kb2 63. Nd4 c3+ 64. Kd3 g5 65. Nc2 g4 66. Ne3 g3 67. Nc4+ Kb3 68. Na5+ Ka4 0-1


[Site "https://www.chess.com"]

[Event "Titled Tuesday Blitz December 27 Early 2022"]
[White "Peatman, Carter"]
[Black "gshwbedhkhd"]
[WhiteFideId "2096480"]
[WhiteElo "1998"]
[BlackElo "2577"]
[Result "1-0"]
[Round "08"]
[TimeControl "180+2"]
[Date "2022.12.27"]
[WhiteClock "0:00:48"]
[BlackClock "0:01:19"]

1. d4 f5 2. Bf4 Nf6 3. Nf3 g6 4. e3 Bg7 5. h3 O-O 6. c4 d6 7. Nc3 Nc6 8. Bh2 e6 9. Be2 Qe8 10. O-O e5 11. Nd5 Nxd5 12. cxd5 Nd8 13. Rc1 e4 14. Nd2 Rf7 15. Rc3 Re7 16. Qc2 c6 17. Rc1 Bd7 18. dxc6 bxc6 19. Bxd6 Rf7 20. Nc4 Bh6 21. Bh2 Rg7 22. Nd6 Qf8 23. Bc4+ Be6 24. Bxe6+ Nxe6 25. Rxc6 f4 26. Qb3 fxe3 27. Qxe6+ Kh8 28. Rc8 exf2+ 29. Kf1 Bxc1 30. Rxf8+ Rxf8 31. Be5 e3 32. Bxg7+ Kxg7 33. Qe5+ Kg8 34. Nc4 Rf5 35. Qe6+ Kg7 36. Nxe3 1-0


[Site "https://www.chess.com"]

[Event "Titled Tuesday Blitz December 27 Early 2022"]
[White "Piesik, Piotr"]
[Black "Orzech, Dominik"]
[WhiteFideId "1136194"]
[BlackFideId "1115065"]
[WhiteElo "2426"]
[BlackElo "2308"]
[Result "0-1"]
[Round "08"]
[TimeControl "180+2"]
[Date "2022.12.27"]
[WhiteClock "0:01:47"]
[BlackClock "0:01:56"]

1. Nf3 Nf6 2. g3 g6 3. Bg2 d5 4. O-O Bg7 5. d4 O-O 6. c4 dxc4 7. Na3 Nc6 8. Nxc4 Be6 9. b3 Bd5 10. Bb2 a5 11. e3 a4 12. Qe2 Ra6 13. Rac1 Qa8 14. Nfe5 Bxg2 15. Kxg2 b5 16. d5 Nxd5 17. Nxc6 Qxc6 18. e4 bxc4 19. Bxg7 Kxg7 20. Rxc4 Qe6 21. Qb2+ Nf6 22. e5 Nd5 0-1


[Site "https://www.chess.com"]

[Event "Titled Tuesday Blitz December 27 Early 2022"]
[White "Poeta, Caio Medeiros"]
[Black "Gnechko, Ruslan"]
[WhiteFideId "2142660"]
[BlackFideId "14135868"]
[WhiteElo "2088"]
[BlackElo "2132"]
[Result "1-0"]
[Round "08"]
[TimeControl "180+2"]
[Date "2022.12.27"]
[WhiteClock "0:00:04"]
[BlackClock "0:00:15"]

1. d4 Nf6 2. c4 e6 3. g3 d5 4. Nf3 Be7 5. Bg2 O-O 6. O-O dxc4 7. Qc2 a6 8. a4 Bd7 9. Rd1 Bc6 10. Nc3 a5 11. e4 Na6 12. Ne5 Be8 13. Nxc4 Nb4 14. Qe2 Bc6 15. b3 Qb8 16. Bb2 Rd8 17. Ne5 Be8 18. Rac1 c5 19. Nf3 cxd4 20. Nxd4 Qa7 21. Ndb5 Qb6 22. e5 Nfd5 23. Nxd5 Nxd5 24. Bd4 Qa6 25. Bxd5 Rxd5 26. Qg4 Bxb5 27. axb5 Qxb5 28. Rc7 Qb4 29. Qf3 Rad8 30. Rc4 Qb5 31. Qe3 h6 32. Rdc1 Bg5 33. f4 Be7 34. Kg2 g6 35. Kh3 Kg7 36. Bb6 Rd3 37. Qf2 R8d7 38. R1c2 Qxb3 39. Bxa5 h5 40. Rc7 h4 41. Rxd7 Rxd7 42. Rc3 Qa4 43. Bb6 hxg3 44. hxg3 Qe4 45. Qc2 Qh1+ 46. Qh2 Qf1+ 47. Qg2 Qe1 48. Rc7 Rxc7 49. Bxc7 Bc5 50. Qc2 Qh1+ 51. Qh2 Qd5 52. Qc2 b5 53. Qb2 b4 54. Kg4 b3 55. Bd8 Bd4 56. Bf6+ Kg8 57. Qh2 Bxe5 58. Qh8# 1-0


[Site "https://www.chess.com"]

[Event "Titled Tuesday Blitz December 27 Early 2022"]
[White "Postnikov, Artem"]
[Black "Qashashvili, Alexandre"]
[WhiteFideId "34153575"]
[BlackFideId "13600842"]
[WhiteElo "2197"]
[BlackElo "2505"]
[Result "1-0"]
[Round "08"]
[TimeControl "180+2"]
[Date "2022.12.27"]
[WhiteClock "0:01:39"]
[BlackClock "0:00:02"]

1. d4 c6 2. c4 d5 3. Nf3 Nf6 4. e3 Bf5 5. Nc3 e6 6. Nh4 Bg4 7. Qb3 Qb6 8. h3 Qxb3 9. axb3 Bh5 10. g4 Bg6 11. Nxg6 hxg6 12. g5 Ne4 13. Nxe4 dxe4 14. Bg2 Bb4+ 15. Ke2 Be7 16. h4 f5 17. gxf6 Bxf6 18. Bxe4 Rxh4 19. Rxh4 Bxh4 20. Bxg6+ Ke7 21. Bd2 Nd7 22. Bb4+ Kf6 23. Rg1 a5 24. Bc3 Ke7 25. Be4 Bf6 26. f4 a4 27. Ra1 Nb6 28. bxa4 Nxc4 29. b3 1-0


[Site "https://www.chess.com"]

[Event "Titled Tuesday Blitz December 27 Early 2022"]
[White "Potapova, Margarita"]
[Black "Starozhilov, Leonid"]
[WhiteFideId "14126869"]
[BlackFideId "14106752"]
[WhiteElo "2104"]
[BlackElo "2313"]
[Result "0-1"]
[Round "08"]
[TimeControl "180+2"]
[Date "2022.12.27"]
[WhiteClock "0:00:06"]
[BlackClock "0:00:04"]

1. d4 Nf6 2. c4 g6 3. Nc3 Bg7 4. e4 d6 5. h3 c6 6. Be3 a6 7. Nf3 O-O 8. Be2 b5 9. cxb5 axb5 10. a3 Nbd7 11. O-O e5 12. Rc1 Bb7 13. dxe5 dxe5 14. Qd6 Re8 15. Rfd1 Bf8 16. Qd2 Qb8 17. Bh6 Nc5 18. Bxf8 Rxf8 19. Qh6 Ne6 20. Bf1 Re8 21. Rd2 Ba6 22. Rcd1 Qc7 23. Rd6 Rad8 24. Rxd8 Rxd8 25. Rxd8+ Nxd8 26. Qg5 Nd7 27. Qe7 Bc8 28. Ng5 h6 29. Nf3 Nb7 30. h4 Qd8 31. Qb4 Qf8 32. Qb3 Kg7 33. Qd1 Qd6 34. Qc1 Nbc5 35. b4 Ne6 36. Nxb5 cxb5 37. Qxc8 Nb6 38. Qc3 Nd4 39. Bxb5 Nxb5 40. Qe3 Nd4 41. Qd3 Nd7 42. Nd2 Nf6 43. Nc4 Qe6 44. a4 Nh5 45. g3 Nf6 46. b5 Ng4 47. b6 Qf6 48. Qf1 Qf3 49. a5 Ne2+ 0-1


[Site "https://www.chess.com"]

[Event "Titled Tuesday Blitz December 27 Early 2022"]
[White "Preotu, Razvan"]
[Black "Moskvin, Anatoly"]
[WhiteFideId "2613280"]
[BlackFideId "24199990"]
[WhiteElo "2475"]
[BlackElo "2189"]
[Result "1-0"]
[Round "08"]
[TimeControl "180+2"]
[Date "2022.12.27"]
[WhiteClock "0:00:34"]
[BlackClock "0:00:05"]

1. e4 e5 2. Nf3 Nc6 3. Bc4 Nf6 4. d3 Bc5 5. O-O d6 6. c3 Bb6 7. Re1 Ne7 8. d4 Bg4 9. dxe5 Bxf3 10. Qxf3 dxe5 11. Rd1 Qc8 12. Bg5 Qg4 13. Qxg4 Nxg4 14. Rf1 h6 15. Bc1 Rd8 16. Nd2 Ng6 17. h3 Nf6 18. Re1 O-O 19. Nf3 Ne8 20. b4 Nd6 21. Bb3 c5 22. a4 c4 23. Bc2 a5 24. Ba3 Rfe8 25. g3 axb4 26. Bxb4 Nc8 27. a5 Ba7 28. Ba4 Re6 29. Red1 Rxd1+ 30. Rxd1 Rf6 31. Rd8+ Kh7 32. Kg2 Nce7 33. Rd7 Nc6 34. Bxc6 Rxc6 35. Rxb7 Ra6 36. Rxf7 Kg8 37. Rc7 Bb8 38. Rc8+ 1-0


[Site "https://www.chess.com"]

[Event "Titled Tuesday Blitz December 27 Early 2022"]
[White "Roque Sola, Gisela"]
[Black "Gerbelli Neto, Eduardo"]
[WhiteFideId "5120241"]
[BlackFideId "2103281"]
[WhiteElo "2061"]
[BlackElo "2114"]
[Result "0-1"]
[Round "08"]
[TimeControl "180+2"]
[Date "2022.12.27"]
[WhiteClock "0:00:07"]
[BlackClock "0:00:22"]

1. e4 e5 2. Nf3 Nc6 3. Bb5 a6 4. Ba4 d6 5. O-O Bg4 6. h3 h5 7. c3 Qf6 8. d3 Ne7 9. Be3 Bxf3 10. Qxf3 Qxf3 11. gxf3 g5 12. Kh2 f6 13. d4 b5 14. Bb3 Na5 15. Be6 Ng6 16. Nd2 Ke7 17. Bf5 Nf4 18. Bxf4 gxf4 19. a4 Nc4 20. Nb3 Rb8 21. axb5 Rxb5 22. Nc1 Nd2 23. Rd1 Nxf3+ 24. Kh1 Rxb2 25. dxe5 Rxf2 26. exd6+ cxd6 27. Ra2 Rxa2 28. Nxa2 Rg8 29. Nb4 a5 30. Nc6+ Kf7 31. Nxa5 Rg3 32. Nc4 Ne5 33. Nxe5+ fxe5 34. c4 Rc3 35. Rg1 Rxc4 36. Kg2 Rc3 37. Kf2 Be7 38. Bg6+ Kf6 39. Bxh5 Re3 40. Bf3 Rd3 41. h4 Kf7 42. h5 Bh4+ 43. Ke2 Re3+ 44. Kd2 Rxf3 45. h6 Bf6 46. h7 Rh3 47. Rg8 Rxh7 48. Ra8 Rh2+ 49. Ke1 Ke6 0-1


[Site "https://www.chess.com"]

[Event "Titled Tuesday Blitz December 27 Early 2022"]
[White "Roque Sola, Jose Luis"]
[Black "Aghamaliyev, Cemil"]
[WhiteFideId "5120390"]
[BlackFideId "13400215"]
[WhiteElo "2217"]
[BlackElo "2482"]
[Result "0-1"]
[Round "08"]
[TimeControl "180+2"]
[Date "2022.12.27"]
[WhiteClock "0:00:02"]
[BlackClock "0:00:56"]

1. c4 e5 2. Nc3 Bb4 3. Nd5 a5 4. a3 Bc5 5. b3 c6 6. Nc3 Nf6 7. Bb2 d5 8. cxd5 cxd5 9. b4 Bb6 10. e3 O-O 11. Nf3 Bg4 12. Be2 d4 13. Na4 d3 14. Bxd3 Qxd3 15. Nxb6 e4 16. Nxa8 Nbd7 17. Nc7 Bh5 18. Qb1 Qxb1+ 19. Rxb1 exf3 20. gxf3 Bxf3 21. Rg1 axb4 22. axb4 g6 23. Ra1 b6 24. d3 h5 25. e4 Ng4 26. h3 Nge5 27. Kd2 f5 28. Ra8 Rxa8 29. Nxa8 fxe4 30. dxe4 Bxe4 31. Bxe5 Nxe5 32. Ke3 Bxa8 33. f4 Nd7 34. Rxg6+ Kf7 35. Rd6 Ke7 36. Rh6 Nf6 37. Kd4 Ke6 38. Rh8 Bc6 39. Rb8 b5 40. Rb6 Kd6 41. Rb8 Bd7 42. Ke3 Nd5+ 43. Kf3 Nxb4 44. Kg3 Nd5 45. Rf8 b4 46. Rb8 Kc7 0-1


[Site "https://www.chess.com"]

[Event "Titled Tuesday Blitz December 27 Early 2022"]
[White "Rosh Jain"]
[Black "Jiganchine, Roman"]
[WhiteFideId "25789465"]
[BlackFideId "2603667"]
[WhiteElo "2248"]
[BlackElo "2205"]
[Result "0-1"]
[Round "08"]
[TimeControl "180+2"]
[Date "2022.12.27"]
[WhiteClock "0:00:01"]
[BlackClock "0:00:10"]

1. e4 c6 2. Nc3 d5 3. Nf3 dxe4 4. Nxe4 Nf6 5. Qe2 Nxe4 6. Qxe4 Qd5 7. Qxd5 cxd5 8. Bb5+ Bd7 9. Bxd7+ Nxd7 10. O-O e6 11. b3 Bd6 12. Bb2 O-O 13. d3 b5 14. Rad1 Rac8 15. c4 bxc4 16. dxc4 Nb6 17. Bd4 Bc5 18. Bxc5 Rxc5 19. cxd5 Nxd5 20. Rd2 Rfc8 21. g3 h6 22. Kg2 g5 23. Rfd1 Kg7 24. Nd4 a6 25. Nf5+ Kh7 26. Nd6 R8c7 27. Nc4 Kg7 28. a3 a5 29. Rd3 a4 30. Nd2 Rc3 31. Rxc3 Rxc3 32. bxa4 Rxa3 33. Nc4 Rxa4 34. Ne5 Ra2 35. Kg1 h5 36. Rc1 Re2 37. Nf3 g4 38. Nd4 Rd2 39. Nb3 Rd3 40. Nc5 Rd4 41. Nb3 Re4 42. Nd2 Re2 43. Nb1 Rb2 44. Nc3 Nf6 45. Nd1 Rd2 46. Ne3 Re2 47. Rc2 Re1+ 48. Kg2 Ra1 49. f3 Ra3 50. Re2 gxf3+ 51. Kxf3 Nd5 52. Kf2 Rxe3 53. Rxe3 Nxe3 54. Kxe3 Kf6 55. h3 Ke5 56. Kf3 Kf5 57. Ke3 Kg5 58. Ke4 f6 59. h4+ Kg4 0-1


[Site "https://www.chess.com"]

[Event "Titled Tuesday Blitz December 27 Early 2022"]
[White "Royal, Shreyas"]
[Black "Szyszylo, Rafal"]
[WhiteFideId "448869"]
[BlackFideId "1109626"]
[WhiteElo "2438"]
[BlackElo "2091"]
[Result "1-0"]
[Round "08"]
[TimeControl "180+2"]
[Date "2022.12.27"]
[WhiteClock "0:00:02"]
[BlackClock "0:00:12"]

1. e4 d6 2. d4 Nf6 3. Nc3 g6 4. f4 Bg7 5. Nf3 O-O 6. Bd3 Na6 7. O-O c5 8. d5 Bg4 9. h3 Bxf3 10. Qxf3 Nb4 11. Be3 c4 12. Bxc4 Nxc2 13. Rac1 Nxe3 14. Qxe3 Rc8 15. Bb3 Qb6 16. Qxb6 axb6 17. e5 Nd7 18. exd6 exd6 19. Nb5 Bxb2 20. Rb1 Bg7 21. Nxd6 Rb8 22. Bc4 Bd4+ 23. Kh2 Bc5 24. Ne4 Bd4 25. Rfd1 Be3 26. Kg3 Rfe8 27. Kf3 f5 28. Nd6 Re7 29. Re1 b5 30. Bxb5 Nb6 31. Rxe3 Rxe3+ 32. Kxe3 Nxd5+ 33. Kf3 Nc3 34. Bc4+ Kg7 35. Rxb7+ Rxb7 36. Nxb7 Nxa2 37. Bxa2 h6 38. h4 g5 39. hxg5 hxg5 40. fxg5 Kg6 41. Kf4 Kh5 42. Kxf5 Kh4 43. g6 Kg3 44. g7 Kf2 45. g8=Q Kg1 46. g4 Kh1 47. g5 Kg1 48. g6 Kg2 49. g7 Kh3 50. Qh7+ Kg2 51. g8=Q+ Kf2 52. Qh2+ Ke3 53. Qe6+ Kd4 54. Qd2# 1-0


[Site "https://www.chess.com"]

[Event "Titled Tuesday Blitz December 27 Early 2022"]
[White "Rustemov, Alexander"]
[Black "Demin, Vladimir"]
[WhiteFideId "4119002"]
[BlackFideId "4167457"]
[WhiteElo "2525"]
[BlackElo "2430"]
[Result "1/2-1/2"]
[Round "08"]
[TimeControl "180+2"]
[Date "2022.12.27"]
[WhiteClock "0:02:16"]
[BlackClock "0:02:44"]

1. d4 Nf6 2. c4 e5 3. dxe5 Ng4 4. Bf4 Bb4+ 5. Nd2 d6 6. exd6 Qf6 7. e3 Qxb2 8. Nf3 Nc6 9. dxc7 Nge5 10. Nxe5 Bxd2+ 11. Qxd2 Qxa1+ 12. Qd1 Qc3+ 13. Qd2 Qa1+ 14. Qd1 Qc3+ 15. Qd2 Qa1+ 1/2-1/2


[Site "https://www.chess.com"]

[Event "Titled Tuesday Blitz December 27 Early 2022"]
[White "Sai Krishna G V"]
[Black "Timofeev, Artyom"]
[WhiteFideId "5028280"]
[BlackFideId "4140419"]
[WhiteElo "2384"]
[BlackElo "2567"]
[Result "1/2-1/2"]
[Round "08"]
[TimeControl "180+2"]
[Date "2022.12.27"]
[WhiteClock "0:00:15"]
[BlackClock "0:00:06"]

1. e4 c5 2. Nf3 Nc6 3. Nc3 d6 4. Bb5 Bd7 5. O-O Nf6 6. Re1 e5 7. d3 Be7 8. Bg5 O-O 9. Bxf6 Bxf6 10. Nd5 g6 11. Nd2 Bg7 12. Nc4 Be6 13. Nce3 Nd4 14. Bc4 b5 15. Bb3 f5 16. exf5 gxf5 17. Nc3 Nxb3 18. axb3 f4 19. Nf1 a6 20. Qf3 d5 21. Re2 Qd6 22. Rae1 Rae8 23. Nd2 b4 24. Nd1 Bf5 25. Qh5 Bg6 26. Qh4 e4 27. dxe4 dxe4 28. Nc4 Qd7 29. Rd2 Qc7 30. Rd6 a5 31. Qg5 Rf5 32. Qh4 Rf7 33. Qg5 Rf5 34. Qh4 Bf7 35. Ra6 Bxc4 36. bxc4 e3 37. fxe3 fxe3 38. Nxe3 Rfe5 39. Qg3 Qe7 40. Kf2 Rf8+ 41. Kg1 Rg5 42. Qd6 Qxd6 43. Rxd6 Bxb2 44. Nd5 a4 45. h4 Rg4 46. Re7 a3 47. Ra6 Rf7 48. Re8+ Kg7 49. Raa8 Rxh4 50. Rg8+ Kh6 51. g3 Rxc4 52. Ra6+ Kh5 53. Kg2 Bg7 54. Ne3 Rc3 55. g4+ Kg5 56. Nf5 Rxc2+ 57. Kg3 a2 58. Nxg7 Rc3+ 59. Kg2 Kxg4 60. Ne6+ Kf5 61. Nd8 Rd7 62. Rf8+ Ke4 63. Re6+ Kd3 64. Ra6 Kc4 65. Rxa2 b3 66. Raf2 Rc2 67. Rf4+ Kc3 68. Ne6 Rxf2+ 69. Rxf2 Rd2 70. Nxc5 Rxf2+ 71. Kxf2 b2 72. Na4+ Kb3 73. Nxb2 Kxb2 74. Kg3 Kc3 75. Kh4 Kd4 76. Kh5 Ke5 77. Kh6 Kf6 78. Kxh7 1/2-1/2


[Site "https://www.chess.com"]

[Event "Titled Tuesday Blitz December 27 Early 2022"]
[White "Saleem, Arshaq"]
[Black "Janaszak, Dawid"]
[WhiteFideId "2081857"]
[BlackFideId "1119206"]
[WhiteElo "2133"]
[BlackElo "2316"]
[Result "0-1"]
[Round "08"]
[TimeControl "180+2"]
[Date "2022.12.27"]
[WhiteClock "0:00:06"]
[BlackClock "0:00:52"]

1. Nf3 d5 2. d4 Nf6 3. c4 e6 4. g3 c5 5. cxd5 exd5 6. Bg2 Nc6 7. O-O c4 8. b3 cxb3 9. Qxb3 Be7 10. Nc3 O-O 11. Rd1 Na5 12. Qc2 Re8 13. Ne5 Be6 14. Rb1 Rc8 15. Qd3 a6 16. a4 Qc7 17. Bd2 Nc4 18. Nxc4 dxc4 19. Qc2 Rb8 20. e4 Bg4 21. f3 Bd7 22. e5 Nh5 23. g4 b5 24. axb5 axb5 25. Nd5 Qd8 26. gxh5 Bf8 27. Nb4 h6 28. Qe4 Rc8 29. Bc3 Qg5 30. Kh1 Bf5 31. Qe2 Bxb1 32. Rxb1 Qxh5 33. d5 Qf5 34. Rd1 Bxb4 35. Bxb4 Rxe5 36. Qd2 Rce8 37. d6 Qd7 38. Bc3 Re2 39. Qd4 f6 40. f4 Kh8 41. Bf3 R2e3 42. Rf1 Qh3 43. Bg2 Qd7 44. f5 Rd3 0-1


[Site "https://www.chess.com"]

[Event "Titled Tuesday Blitz December 27 Early 2022"]
[White "Samsonkin, Artiom"]
[Black "Baskakov, Egor"]
[WhiteFideId "13503111"]
[BlackFideId "24197866"]
[WhiteElo "2420"]
[BlackElo "2215"]
[Result "0-1"]
[Round "08"]
[TimeControl "180+2"]
[Date "2022.12.27"]
[WhiteClock "0:00:01"]
[BlackClock "0:00:17"]

1. e4 c5 2. Nc3 Nc6 3. Bb5 g6 4. Bxc6 dxc6 5. f4 Bg7 6. Nf3 Bg4 7. d3 e5 8. O-O exf4 9. Bxf4 Ne7 10. h3 Bxf3 11. Qxf3 O-O 12. Qg3 Qd7 13. Rae1 b6 14. Be5 f6 15. Bf4 Rae8 16. h4 f5 17. Bd6 fxe4 18. dxe4 Rxf1+ 19. Rxf1 Nc8 20. Bf4 Qd4+ 21. Kh1 Qb4 22. e5 Ne7 23. h5 Rf8 24. Qg4 Qc4 25. Rf3 gxh5 26. Qg3 h4 27. Qg4 Ng6 28. b3 Qd4 29. Qe6+ Kh8 30. Be3 Qxe5 31. Qxe5 Bxe5 32. Rxf8+ Nxf8 33. Ne4 Ne6 34. Ng5 Nd8 35. Nf3 Bf6 36. Bg5 Kg7 37. Bxh4 Bxh4 38. Nxh4 Kf6 39. Nf3 Ne6 40. Kg1 Nd4 41. c3 Nxf3+ 42. gxf3 Kf5 43. Kg2 Kf4 44. c4 h5 0-1


[Site "https://www.chess.com"]

[Event "Titled Tuesday Blitz December 27 Early 2022"]
[White "Samunenkov, Ihor"]
[Black "Grigorov, Grigor"]
[WhiteFideId "14187086"]
[BlackFideId "2907313"]
[WhiteElo "2501"]
[BlackElo "2510"]
[Result "1/2-1/2"]
[Round "08"]
[TimeControl "180+2"]
[Date "2022.12.27"]
[WhiteClock "0:00:09"]
[BlackClock "0:00:15"]

1. d4 Nf6 2. c4 e6 3. Nf3 b6 4. g3 Bb7 5. Bg2 Be7 6. O-O O-O 7. Nc3 Ne4 8. Bd2 Bf6 9. Qc2 Nxd2 10. Qxd2 d6 11. e4 Nd7 12. h4 g6 13. h5 Bg7 14. hxg6 hxg6 15. d5 Qe7 16. Nd4 Bxd4 17. Qxd4 e5 18. Qd2 Kg7 19. Bh3 Rh8 20. Kg2 Nf6 21. Rh1 Bc8 22. Bxc8 Raxc8 23. Qg5 Nxd5 24. Qxe7 Nxe7 25. Rxh8 Kxh8 26. b3 Kg7 27. Rd1 f5 28. f3 Kf7 29. Nb5 a6 30. Nc3 Rh8 31. Nd5 Nxd5 32. cxd5 Ke7 33. Rc1 Kd7 34. b4 b5 35. a4 fxe4 36. fxe4 bxa4 37. Ra1 Rb8 38. Rxa4 Rb6 39. Kf3 Ke7 40. Kg4 Kf6 41. Kh4 c6 42. dxc6 Rxc6 43. Kg4 Rc4 44. Kf3 Ke6 45. Rxa6 Rxb4 46. Rc6 Rd4 47. Ra6 Kf6 48. Rb6 Kg5 49. Rb3 Rd1 50. Ra3 Rf1+ 51. Kg2 Rd1 52. Kf3 Rd4 53. Rb3 Kh5 54. Ra3 g5 55. Rb3 g4+ 56. Ke3 Rd1 57. Rb8 Re1+ 58. Kd3 Rd1+ 59. Ke2 Rd4 60. Rh8+ Kg5 61. Rg8+ Kh5 62. Rh8+ Kg5 63. Rg8+ Kh5 64. Rh8+ 1/2-1/2


[Site "https://www.chess.com"]

[Event "Titled Tuesday Blitz December 27 Early 2022"]
[White "Serpi, Andrea"]
[Black "Khoroshev, Nikita"]
[WhiteFideId "2847499"]
[BlackFideId "14200287"]
[WhiteElo "2191"]
[BlackElo "2336"]
[Result "0-1"]
[Round "08"]
[TimeControl "180+2"]
[Date "2022.12.27"]
[WhiteClock "0:01:16"]
[BlackClock "0:01:46"]

1. e4 e6 2. d4 d5 3. exd5 exd5 4. Nf3 Nc6 5. Bb5 Bd6 6. c4 dxc4 7. d5 a6 8. Ba4 b5 9. dxc6 bxa4 10. O-O Ne7 11. Nbd2 O-O 12. Nxc4 Nxc6 13. Qxa4 Bb7 14. Rd1 Qf6 15. Nxd6 cxd6 16. Be3 Rac8 17. Bf4 Ne5 18. Nxe5 dxe5 19. Bg3 Qe6 20. Rd7 Bc6 0-1


[Site "https://www.chess.com"]

[Event "Titled Tuesday Blitz December 27 Early 2022"]
[White "Shipov, Sergei"]
[Black "Kleiman, Jake"]
[WhiteFideId "4113624"]
[BlackFideId "2020041"]
[WhiteElo "2541"]
[BlackElo "2399"]
[Result "1-0"]
[Round "08"]
[TimeControl "180+2"]
[Date "2022.12.27"]
[WhiteClock "0:00:34"]
[BlackClock "0:00:02"]

1. d4 Nf6 2. c4 e6 3. Nc3 Bb4 4. Qc2 O-O 5. a3 Bxc3+ 6. Qxc3 d5 7. e3 b6 8. cxd5 exd5 9. Bd3 Ba6 10. Bxa6 Nxa6 11. Qc6 Qe8 12. Qxe8 Rfxe8 13. Ne2 c5 14. f3 Nc7 15. Bd2 Rac8 16. Kf2 Kf8 17. a4 Ne6 18. Bc3 Ke7 19. Rhd1 Red8 20. g4 g6 21. h4 h6 22. a5 Nc7 23. axb6 axb6 24. Ra7 Rd7 25. dxc5 bxc5 26. Nf4 Nfe8 27. Nxd5+ Nxd5 28. Rxd7+ Kxd7 29. Rxd5+ Kc6 30. Re5 Kd6 31. h5 Nc7 32. hxg6 fxg6 33. f4 Nd5 34. f5 gxf5 35. gxf5 Nxc3 36. Re6+ Kd5 37. bxc3 Kc4 38. Rxh6 Kxc3 39. Kf3 c4 40. e4 Kd4 41. Rd6+ Ke5 42. Rd5+ Kf6 43. Ke2 c3 44. Kd1 c2+ 45. Kc1 Rc4 46. Rd6+ Ke7 47. Re6+ Kf7 48. Re5 Kf6 49. Re8 Kf7 50. Re6 Rc5 51. e5 Rc4 52. Rf6+ Ke7 53. Rh6 1-0


[Site "https://www.chess.com"]

[Event "Titled Tuesday Blitz December 27 Early 2022"]
[White "Shuvalov, Evgenij"]
[Black "Herman, Daniel"]
[WhiteFideId "4187237"]
[BlackFideId "30935008"]
[WhiteElo "2038"]
[BlackElo "1956"]
[Result "1-0"]
[Round "08"]
[TimeControl "180+2"]
[Date "2022.12.27"]
[WhiteClock "0:00:35"]
[BlackClock "0:00:03"]

1. d4 Nf6 2. c4 g6 3. Nc3 d5 4. cxd5 Nxd5 5. e4 Nxc3 6. bxc3 Bg7 7. Nf3 c5 8. Rb1 O-O 9. Be2 Nc6 10. d5 Bxc3+ 11. Bd2 Bxd2+ 12. Qxd2 Nd4 13. Nxd4 cxd4 14. Qxd4 Qa5+ 15. Qd2 Qxd2+ 16. Kxd2 Rd8 17. Ke3 e6 18. Bc4 exd5 19. Bxd5 Rb8 20. Rhc1 Be6 21. Bxe6 fxe6 22. Rc7 b5 23. Rxa7 Ra8 24. Rxa8 Rxa8 25. Rxb5 Rxa2 26. Rb7 e5 27. g3 Ra3+ 28. Ke2 Ra4 29. Kf3 Ra3+ 30. Kg4 Ra2 31. f4 Rxh2 32. Kg5 Ra2 33. Rb6 Kg7 34. Rb7+ Kg8 35. fxe5 Ra6 36. Rd7 Re6 37. Kf4 h6 38. Rd6 Kf7 39. g4 h5 40. gxh5 gxh5 41. Kf5 Re8 42. Rh6 Ke7 43. Rh7+ Kd8 44. e6 Rf8+ 45. Ke5 Ke8 46. Rxh5 Rg8 47. Rh7 Rg1 48. Ra7 Rf1 49. Ra8+ Ke7 50. Ra7+ Ke8 51. Rb7 Re1 52. Kd5 Rd1+ 53. Ke5 Re1 54. Rd7 Rf1 55. Rd4 Rf2 56. Kd6 Ra2 57. Rc4 Ra6+ 58. Rc6 Ra8 59. e7 Rb8 60. Ke6 Rb6 61. Kd6 Rb7 62. Rc8+ 1-0


[Site "https://www.chess.com"]

[Event "Titled Tuesday Blitz December 27 Early 2022"]
[White "Silva, Miguel Antonio Neto"]
[Black "Jenkins, Drake"]
[WhiteFideId "1911929"]
[BlackFideId "2022397"]
[WhiteElo "2204"]
[BlackElo "2130"]
[Result "1-0"]
[Round "08"]
[TimeControl "180+2"]
[Date "2022.12.27"]
[WhiteClock "0:00:45"]
[BlackClock "0:00:01"]

1. e4 c5 2. Nf3 g6 3. c3 d5 4. exd5 Qxd5 5. d4 Nf6 6. Be2 Bg7 7. O-O O-O 8. c4 Qd6 9. d5 Bg4 10. Nc3 a6 11. h3 Bxf3 12. Bxf3 Nbd7 13. Re1 Rfe8 14. g3 Nf8 15. Bf4 Qd7 16. Bg2 b5 17. d6 Ra7 18. dxe7 Rxe7 19. Qxd7 Rxe1+ 20. Rxe1 N8xd7 21. g4 h6 22. a3 bxc4 23. Rd1 g5 24. Bg3 Nf8 25. Rd8 Rd7 26. Rc8 Rd2 27. Na4 Nd7 28. Bc6 Kh7 29. Be4+ Kg8 30. Nxc5 Nxc5 31. Rxc5 1-0


[Site "https://www.chess.com"]